 Dungeon Crawl Stone Soup version 0.31-a0-152-g6aa68a64a1 (webtiles) character file.

Game seed: 2620423338004933972

2260 qw the Skirmisher (level 9, -1/82 HPs)
             Began as a Naga Hunter on June 9, 2023.
             Was a Believer of Okawaru.
             Succumbed to a water moccasin's poison
             ... on level 6 of the Dungeon.
             The game lasted 00:01:57 (4535 turns).

qw the Skirmisher (Naga Hunter)                     Turns: 4535, Time: 00:01:57

Health: -1/82      AC:  9    Str: 13    XL:     9   Next: 38%
Magic:  11/12      EV: 11    Int: 11    God:    Okawaru [**....]
Gold:   192        SH:  5    Dex: 18    Spells: 8/8 levels left

rFire   . . .        Y - +2 shortbow
rCold   . . .        (shield currently unavailable)
rNeg    . . .        c - +0 leather armour
rPois   +            i - +0 helmet
rElec   .            (no cloak)
rCorr   .            (no gloves)
SInv    +            (no barding)
Will    +....        b - amulet of reflection
Stlth   ++           e - +4 ring of protection
HPRegen 0.33/turn    (no ring)
MPRegen 0.13/turn

%: reflection
@: lethally poisoned (-1 -> -14), very slow
A: AC +3, large, see invisible, deformed body, poison resistance, slowness 2,
spit poison 1, naga tail 1
a: Spit Poison, Renounce Religion, Heroism


You were on level 6 of the Dungeon.
You worshipped Okawaru.
Okawaru was pleased with you.
You visited 1 branch of the dungeon, and saw 6 of its levels.

You collected 241 gold pieces.
You spent 49 gold pieces at shops.


Innate Abilities, Weirdness & Mutations

Your serpentine skin is tough. (AC +3)
You have supernaturally acute eyesight. (SInv)
Armour fits poorly on your strangely shaped body.
Your system is resistant to poisons. (rPois)
You cover ground very slowly.
You can spit poison.
You have a snake-like lower body.


   Skills:
 + Level 5.6 Fighting
 - Level 9.0 Ranged Weapons
 - Level 1.8 Armour
 - Level 3.4 Dodging
 - Level 1.5 Stealth
 - Level 4.6 Invocations


You had 8 spell levels left.
You didn't know any spells.
Your spell library was empty.

Inventory:

Hand Weapons
 Y - a +2 shortbow (weapon)
Armour
 c - a +0 leather armour (worn)
 i - a +0 helmet (worn)
 k - +0 steam dragon scales
Jewellery
 b - an amulet of reflection (around neck)
 e - a +4 ring of protection (left hand)
 f - a +6 ring of intelligence
 j - a ring of ice
Scrolls
 l - a scroll of identify
Potions
 a - a potion of resistance
 d - a potion of cancellation
 g - a potion of mutation {unknown}
 h - a potion of haste

Dungeon Overview and Level Annotations

Branches:
Dungeon (6/15)
 Temple: D:4-7

Altars:
Ashenzari
Fedhas
Nemelex Xobeh
Okawaru
Trog
Yredelemnul

Shops:
D:1 (   D:2 [


Message History

You shoot an arrow. The arrow hits the ice beast.
The ice beast is heavily wounded.
You shoot an arrow. The arrow hits the ice beast.
The ice beast is heavily wounded.
You shoot an arrow. The arrow hits the ice beast!
The ice beast is almost dead.
You shoot an arrow. The arrow barely misses the ice beast.
You shoot an arrow. The arrow hits the water moccasin.
The water moccasin is lightly wounded.
You shoot an arrow. The arrow hits the water moccasin!
The water moccasin is heavily wounded.
The water moccasin bites you.
You shoot an arrow. The arrow misses the water moccasin.
The arrow barely misses the jelly.
The water moccasin bites you.
You shoot an arrow.
The arrow closely misses the water moccasin.
The arrow hits the jelly!
The jelly is moderately wounded.
The water moccasin bites you.
You shoot an arrow. The arrow hits the water moccasin.
The water moccasin is heavily wounded.
The water moccasin bites you!
You shoot an arrow.
The arrow barely misses the water moccasin.
The water moccasin bites you but does no damage.
The water moccasin barely misses you.
You shoot an arrow. The arrow hits the ice beast!
You kill the ice beast!
Okawaru accepts your kill.
You shoot an arrow. The arrow hits the water moccasin.
The water moccasin is severely wounded.
The water moccasin bites you.
You are lethally poisoned!
The water moccasin poisons you! The water moccasin bites you.
You shoot an arrow.
The arrow hits the water moccasin but does no damage.
The water moccasin is severely wounded.
You feel like a meek peon again.
You die...

...#. ."## ...#..
... ..#)..# ..#
...#...# ..#
#...#...#..#
9..........#
#...#)...# .
#...#@..######.#
...#.JS#..#.......
..#...#...#.......
.#...#....#.......
...........#.......
#...#...#..#.......
...#...#..%#.......
..#...#.....### #.#
...#...#..#.%.# #.#


You could see a water moccasin and a jelly.

Vanquished Creatures
  A gargoyle (D:6)
  A wraith (D:6)
  A steam dragon (D:6)
  2 water moccasins (D:6)
  2 ice beasts (D:6)
  A sky beast (D:6)
  A centaur (D:5)
  2 phantoms
  6 scorpions
  4 hounds
  3 orc priests
  A gnoll bouda (D:6)
  A jelly (D:6)
  4 orc wizards
  3 gnolls (D:5)
  12 adders
  4 shadow imps
  7 dart slugs
  7 orcs
  8 ball pythons
  4 bats
  4 endoplasms
  5 giant cockroaches
  4 goblins
  3 hobgoblins
  6 jackals
  6 quokkas
  A frilled lizard (D:2)
  12 kobolds
  3 rats
119 creatures vanquished.

Notes
Turn   | Place    | Note
-------+----------+-------------------------------------------
     0 | D:1      | qw the Naga Hunter began the quest for the Orb.
     0 | D:1      | Reached XP level 1. HP: 19/19 MP: 1/1
     0 | D:1      | 0 ||| qw: Version: 0.2-a-122-gbc61b45
     0 | D:1      | 0 ||| qw: Game counter: 3374
     0 | D:1      | 0 ||| qw: Always use a shield: true
     0 | D:1      | 0 ||| qw: God list: Okawaru
     0 | D:1      | 0 ||| qw: Allow faded altars: false
     0 | D:1      | 0 ||| qw: Do Orc after D:15 true
     0 | D:1      | 0 ||| qw: Do second Lair branch before Depths: true
     0 | D:1      | 0 ||| qw: Lair rune preference: random
     0 | D:1      | 0 ||| qw: Plans: Normal
     0 | D:1      | 0 ||| PLANNING D:1-11
     4 | D:1      | 4 ||| FLEEEEING.
     5 | D:1      | 5 ||| FLEEEEING.
     6 | D:1      | 6 ||| INVOKING Spit Poison.
    71 | D:1      | 71 ||| INVOKING Spit Poison.
    74 | D:1      | 74 ||| INVOKING Spit Poison.
    75 | D:1      | Reached skill level 4 in Ranged Weapons
    75 | D:1      | Reached XP level 2. HP: 26/26 MP: 2/2
    85 | D:1      | 85 ||| INVOKING Spit Poison.
    94 | D:1      | 94 ||| INVOKING Spit Poison.
   104 | D:1      | 104 ||| INVOKING Spit Poison.
   110 | D:1      | 110 ||| INVOKING Spit Poison.
   178 | D:1      | 178 ||| INVOKING Spit Poison.
   270 | D:1      | 270 ||| INVOKING Spit Poison.
   298 | D:1      | 298 ||| INVOKING Spit Poison.
   303 | D:1      | 303 ||| INVOKING Spit Poison.
   324 | D:1      | 324 ||| INVOKING Spit Poison.
   407 | D:1      | Found a faded altar of an unknown god.
   455 | D:1      | Reached XP level 3. HP: 32/32 MP: 3/3
   468 | D:1      | Found Uxked's Antique Weapon Emporium.
   475 | D:1      | 475 ||| SHOPLISTING runed shortbow (126 gold, have 21).
   505 | D:1      | 505 ||| INVOKING Spit Poison.
   531 | D:1      | 531 ||| INVOKING Spit Poison.
   667 | D:1      | 667 ||| READING scroll labelled OGITUH TOBOZOA.
   668 | D:1      | 668 ||| READING scroll labelled VIXTOW YJAWEKE.
   669 | D:1      | 669 ||| DROPPING scroll of butterflies.
   724 | D:2      | 724 ||| INVOKING Spit Poison.
   727 | D:2      | 727 ||| INVOKING Spit Poison.
   733 | D:2      | 733 ||| INVOKING Spit Poison.
   737 | D:2      | 737 ||| INVOKING Spit Poison.
   740 | D:2      | 740 ||| INVOKING Spit Poison.
   877 | D:2      | Found Irphul's Armour Shop.
   882 | D:2      | 882 ||| BUYING +0 helmet (49 gold).
   882 | D:2      | Bought a +0 helmet for 49 gold pieces
   882 | D:2      | 882 ||| SHOPLISTING +0 pair of gloves (49 gold, have 2).
   918 | D:2      | 918 ||| INVOKING Spit Poison.
  1017 | D:2      | 1017 ||| INVOKING Spit Poison.
  1062 | D:2      | 1062 ||| INVOKING Spit Poison.
  1063 | D:2      | 1063 ||| Stepping ~*~*~tactically~*~*~ (outnumbered).
  1066 | D:2      | 1066 ||| INVOKING Spit Poison.
  1069 | D:2      | Reached skill level 5 in Ranged Weapons
  1069 | D:2      | Reached XP level 4. HP: 37/39 MP: 4/4
  1078 | D:2      | 1078 ||| INVOKING Spit Poison.
  1082 | D:2      | 1082 ||| INVOKING Spit Poison.
  1085 | D:2      | 1085 ||| INVOKING Spit Poison.
  1146 | D:2      | 1146 ||| INVOKING Spit Poison.
  1210 | D:2      | 1210 ||| INVOKING Spit Poison.
  1220 | D:2      | 1220 ||| UPGRADING to +0 helmet.
  1225 | D:2      | 1225 ||| UPGRADING to amulet of reflection.
  1230 | D:2      | 1230 ||| DROPPING amulet of the acrobat.
  1231 | D:2      | 1231 ||| READING scroll labelled ZEASUM XIUR.
  1232 | D:2      | 1232 ||| READING scroll labelled CYNEBEL XESOFO.
  1233 | D:2      | 1233 ||| READING scroll labelled XURPHI WYORRY.
  1234 | D:2      | 1234 ||| READING scroll labelled XOMUPS NIYNWEO.
  1235 | D:2      | 1235 ||| READING 4 scrolls of identify.
  1235 | D:2      | 1235 ||| IDENTIFYING golden potion
  1236 | D:2      | 1236 ||| READING 3 scrolls of identify.
  1236 | D:2      | 1236 ||| IDENTIFYING fuming brown potion
  1237 | D:2      | 1237 ||| READING 2 scrolls of identify.
  1237 | D:2      | 1237 ||| IDENTIFYING lumpy cyan potion
  1238 | D:2      | 1238 ||| DROPPING potion of degeneration.
  1269 | D:3      | 1269 ||| INVOKING Spit Poison.
  1331 | D:3      | 1331 ||| INVOKING Spit Poison.
  1417 | D:3      | 1417 ||| INVOKING Spit Poison.
  1555 | D:3      | Found a broken altar of Ashenzari.
  1556 | D:3      | 1556 ||| INVOKING Spit Poison.
  1565 | D:3      | Found a basalt altar of Yredelemnul.
  1592 | D:3      | 1592 ||| INVOKING Spit Poison.
  1675 | D:3      | 1675 ||| INVOKING Spit Poison.
  1780 | D:3      | Found a bloodstained altar of Trog.
  1781 | D:3      | 1781 ||| INVOKING Spit Poison.
  1784 | D:3      | 1784 ||| INVOKING Spit Poison.
  1837 | D:3      | 1837 ||| INVOKING Spit Poison.
  1842 | D:3      | 1842 ||| INVOKING Spit Poison.
  1846 | D:3      | Reached skill level 3 in Fighting
  1968 | D:3      | 1968 ||| UPGRADING to +4 ring of protection.
  1969 | D:3      | 1969 ||| READING scroll labelled SAIFRO EPPUTWU.
  2039 | D:4      | 2039 ||| INVOKING Spit Poison.
  2051 | D:4      | 2051 ||| INVOKING Spit Poison.
  2054 | D:4      | Reached XP level 5. HP: 36/49 MP: 5/5
  2056 | D:4      | 2056 ||| INVOKING Spit Poison.
  2059 | D:4      | 2059 ||| INVOKING Spit Poison.
  2063 | D:4      | 2063 ||| INVOKING Spit Poison.
  2193 | D:4      | 2193 ||| INVOKING Spit Poison.
  2209 | D:4      | 2209 ||| INVOKING Spit Poison.
  2215 | D:4      | 2215 ||| INVOKING Spit Poison.
  2219 | D:4      | 2219 ||| INVOKING Spit Poison.
  2311 | D:4      | 2311 ||| INVOKING Spit Poison.
  2346 | D:4      | Noticed a phantom
  2361 | D:4      | 2361 ||| INVOKING Spit Poison.
  2365 | D:4      | Killed a phantom
  2366 | D:4      | Reached skill level 6 in Ranged Weapons
  2366 | D:4      | Reached XP level 6. HP: 20/56 MP: 6/6
  2366 | D:4      | 2366 ||| INVOKING Spit Poison.
  2373 | D:4      | 2373 ||| INVOKING Spit Poison.
  2648 | D:4      | 2648 ||| INVOKING Spit Poison.
  2651 | D:4      | 2651 ||| INVOKING Spit Poison.
  2685 | D:4      | 2685 ||| INVOKING Spit Poison.
  2744 | D:4      | 2744 ||| INVOKING Spit Poison.
  2748 | D:4      | 2748 ||| INVOKING Spit Poison.
  2751 | D:4      | 2751 ||| INVOKING Spit Poison.
  2767 | D:4      | 2767 ||| INVOKING Spit Poison.
  2808 | D:4      | 2808 ||| INVOKING Spit Poison.
  2891 | D:4      | 2891 ||| INVOKING Spit Poison.
  2895 | D:4      | 2895 ||| INVOKING Spit Poison.
  2896 | D:4      | Reached XP level 7. HP: 58/64 MP: 7/7
  2977 | D:4      | 2977 ||| READING 2 scrolls labelled DUOHI ERAYVA.
  2978 | D:4      | 2978 ||| DRINKING 2 fizzy sapphire potions.
  2979 | D:4      | 2979 ||| READING 3 scrolls of identify.
  2979 | D:4      | 2979 ||| IDENTIFYING smoky orange potion
  2980 | D:4      | 2980 ||| READING 2 scrolls of identify.
  2980 | D:4      | 2980 ||| IDENTIFYING orange potion
  2981 | D:4      | 2981 ||| DROPPING scroll of fog.
  3019 | D:5      | Entered Level 5 of the Dungeon
  3065 | D:5      | HP: 16/64 [centaur/arrow (11)]
  3066 | D:5      | 3066 ||| READING scroll of teleportation.
  3068 | D:5      | 3068 ||| INVOKING Spit Poison.
  3069 | D:5      | 3069 ||| DRINKING potion of heal wounds.
  3157 | D:5      | Found a sparkling altar of Nemelex Xobeh.
  3271 | D:5      | 3271 ||| INVOKING Spit Poison.
  3300 | D:5      | 3300 ||| INVOKING Spit Poison.
  3301 | D:5      | 3301 ||| INVOKING Spit Poison.
  3337 | D:5      | 3337 ||| INVOKING Spit Poison.
  3343 | D:5      | 3343 ||| INVOKING Spit Poison.
  3361 | D:5      | 3361 ||| Stepping ~*~*~tactically~*~*~ (outnumbered).
  3363 | D:5      | 3363 ||| Stepping ~*~*~tactically~*~*~ (outnumbered).
  3364 | D:5      | 3364 ||| INVOKING Spit Poison.
  3367 | D:5      | 3367 ||| INVOKING Spit Poison.
  3368 | D:5      | Reached skill level 7 in Ranged Weapons
  3369 | D:5      | 3369 ||| DRINKING 2 potions of curing.
  3369 | D:5      | 3369 ||| (to cure confusion)
  3370 | D:5      | 3370 ||| INVOKING Spit Poison.
  3371 | D:5      | 3371 ||| INVOKING Spit Poison.
  3374 | D:5      | 3374 ||| DRINKING potion of curing.
  3374 | D:5      | 3374 ||| (to cure confusion)
  3378 | D:5      | 3378 ||| INVOKING Spit Poison.
  3383 | D:5      | 3383 ||| INVOKING Spit Poison.
  3524 | D:5      | 3524 ||| INVOKING Spit Poison.
  3527 | D:5      | 3527 ||| INVOKING Spit Poison.
  3669 | D:5      | 3669 ||| INVOKING Spit Poison.
  3677 | D:5      | 3677 ||| INVOKING Spit Poison.
  3682 | D:5      | 3682 ||| INVOKING Spit Poison.
  3687 | D:5      | 3687 ||| INVOKING Spit Poison.
  3773 | D:5      | 3773 ||| INVOKING Spit Poison.
  3780 | D:5      | 3780 ||| INVOKING Spit Poison.
  3905 | D:5      | Found an iron altar of Okawaru.
  3906 | D:5      | 3906 ||| PLANNING OKAWARU WORSHIP
  3906 | D:5      | 3906 ||| READING scroll labelled VIESHR BEORPHER.
  3911 | D:5      | 3911 ||| INVOKING Spit Poison.
  3915 | D:5      | 3915 ||| INVOKING Spit Poison.
  3923 | D:5      | Became a worshipper of Warmaster Okawaru
  3923 | D:5      | 3923 ||| PLANNING D:1-11
  3956 | D:6      | 3956 ||| READING scroll of enchant weapon.
  3956 | D:6      | 3956 ||| ENCHANTING +1 shortbow.
  3994 | D:6      | 3994 ||| INVOKING Spit Poison.
  3999 | D:6      | 3999 ||| INVOKING Spit Poison.
  4001 | D:6      | Reached skill level 8 in Ranged Weapons
  4001 | D:6      | Reached XP level 8. HP: 46/72 MP: 8/8
  4284 | D:6      | Found a blossoming altar of Fedhas.
  4325 | D:6      | 4325 ||| INVOKING Spit Poison.
  4374 | D:6      | Reached * piety under Okawaru
  4414 | D:6      | 4414 ||| INVOKING Heroism.
  4416 | D:6      | 4416 ||| INVOKING Spit Poison.
  4419 | D:6      | Noticed a wraith
  4424 | D:6      | 4424 ||| INVOKING Spit Poison.
  4425 | D:6      | Reached skill level 9 in Ranged Weapons
  4425 | D:6      | Reached skill level 1 in Invocations
  4429 | D:6      | 4429 ||| INVOKING Spit Poison.
  4438 | D:6      | Killed a wraith
  4439 | D:6      | Reached skill level 1 in Armour
  4439 | D:6      | Reached XP level 9. HP: 81/81 MP: 8/11
  4471 | D:6      | 4471 ||| INVOKING Spit Poison.
  4477 | D:6      | Reached skill level 3 in Invocations
  4484 | D:6      | 4484 ||| INVOKING Heroism.
  4485 | D:6      | Noticed a gargoyle
  4486 | D:6      | 4486 ||| Stepping ~*~*~tactically~*~*~ (outnumbered).
  4487 | D:6      | 4487 ||| INVOKING Spit Poison.
  4515 | D:6      | 4515 ||| INVOKING Heroism.
  4515 | D:6      | HP: 18/81 [gargoyle/stone arrow (24)]
  4517 | D:6      | Killed a gargoyle
  4517 | D:6      | Reached ** piety under Okawaru
  4518 | D:6      | Reached skill level 3 in Dodging
  4528 | D:6      | HP: 18/81 [water moccasin (3)]
  4531 | D:6      | HP: 4/81 [water moccasin (7)]
  4535 | D:6      | Succumbed to a water moccasin's poison

Levels and vault maps discovered:
D:1:      minmay_arrival_four_circles, layout_loops_ring,
          shapermc_ecumenical_altar_mp_vishouse, serial_shops, shop
D:2:      layout_rooms, serial_shops, nicolae_shop_rolling_square,
          kennysheep_generic_room_2
D:3:      layout_loops_ring, trog_butcher_becter,
          amethyst_overflow_temple_binary, minmay_misc_feat_diagonals
D:4:      layout_cave_pods
D:5:      layout_rooms, lemuel_tele_altar, nemelex_spade_bored_becter,
          grunt_ministairs_6, kennysheep_donut
D:6:      cheibrodos_fzero, layout_basic, fedhas_altar_4

Skill      XL: |  1  2  3  4  5  6  7  8  9 |
---------------+----------------------------+-----
Ranged Weapons | 4 5 6 8 9 |  9.0
Fighting       | 3 4 5 |  5.6
Dodging        | 2 3 |  3.4
Invocations    | 2 4 |  4.6
Armour         | 1 |  1.8
Stealth        | |  1.5

Action                     |  1- 3 |  4- 6 |  7- 9 || total
---------------------------+-------+-------+-------++-------
   Fire: Shortbow          |    50 |   127 |   193 ||   370
 Invoke: Heroism           |       |       |     3 ||     3
Ability: Spit Poison       |    23 |    38 |    28 ||    89
    Use: Scroll            |     2 |     8 |     6 ||    16
         Potion            |       |       |     4 ||     4
 Armour: Leather armour    |     9 |    35 |    59 ||   103
  Dodge: Dodged            |    12 |    49 |    52 ||   113
  Block: Other             |       |    14 |    22 ||    36
         Reflection        |       |       |     2 ||     2

Table legend:
 A = Non-vault XP
 B = Vault XP
 C = Vault XP percentage of total XP
 D = Non-vault monster count
 E = Vault monster count
 F = Vault count percentage of total count
                 A         B        C        D         E       F
            +---------+---------+-------+---------+---------+-------
      Total |    1628 |    1601 |  49.6 |     101 |      18 |  15.1
            +---------+---------+-------+---------+---------+-------
        D:1 |      38 |       0 |   0.0 |      20 |       0 |   0.0
        D:2 |      48 |      16 |  25.0 |      19 |       2 |   9.5
        D:3 |      31 |       9 |  22.5 |       8 |       4 |  33.3
        D:4 |     498 |       0 |   0.0 |      29 |       0 |   0.0
        D:5 |     435 |     112 |  20.5 |      18 |       1 |   5.3
        D:6 |     578 |    1464 |  71.7 |       7 |      11 |  61.1
            +---------+---------+-------+---------+---------+-------
